 Dungeon Crawl Stone Soup version 0.25-a0-23-gdc1bd94 (webtiles) character file.

Game seed: 16076057095320396931, levelgen mode: deterministic

4 Charmandara the Digger (level 1, -1/13 HPs)
             Began as a Formicid Earth Elementalist on Oct 16, 2019.
             Slain by a jackal (3 damage)
             ... on level 1 of the Dungeon.
             The game lasted 00:01:38 (73 turns).

Charmandara the Digger (Formicid Earth Elementalist)  Turns: 73, Time: 00:01:38

Health: -1/13      AC:  2    Str: 12    XL:     1   Next: 77%
Magic:  0/3        EV: 12    Int: 14    God:
Gold:   0          SH:  0    Dex: 11    Spells: 3/4 levels left

rFire    . . .     SeeInvis +   (no weapon)
rCold    . . .     Gourm    .   (no shield)
rNeg     . . .     Faith    .   c - +0 robe
rPois    .         Spirit   .   (helmet unavailable)
rElec    .         Reflect  .   (no cloak)
rCorr    .         Harm     .   (no gloves)
MR       .....                  (no boots)
Stlth    ++........             (no amulet)
HPRegen  0.04/turn              (no ring)
MPRegen  0.08/turn              (no ring)

@: very slightly contaminated
A: permanent stasis, dig shafts and tunnels, four strong arms, antennae 3
a: Dig, Shaft Self


You were on level 1 of the Dungeon.
You were not hungry.

You visited 1 branch of the dungeon, and saw 1 of its levels.

Inventory:

Missiles
 b - 25 stones (quivered)
Armour
 c - a +0 robe (worn)
Comestibles
 a - 2 chunks of flesh {@w0}
 d - a ration


   Skills:
 - Level 1.7 Dodging
 + Level 2.6 Stealth
 - Level 2.1 Spellcasting
   Level 1.1 Transmutations
 * Level 3.9 Earth Magic


You had 3 spell levels left.
You knew the following spells:

 Your Spells              Type           Power        Failure   Level  Hunger
a - Sandblast             Erth           ##....       4%          1    #......

Your spell library contained the following spells:

 Spells                   Type           Power        Failure   Level  Hunger
 Passwall                 Tmut/Erth      #.......     12%         2    ###....
 Stone Arrow              Conj/Erth      #.....       30%         3    ###....
 Petrify                  Tmut/Erth      #.......     63%         4    #####..
 Lee's Rapid Deconstruct  Erth           ##........   77%         5    ######.


Dungeon Overview and Level Annotations

Branches:
Dungeon (1/15)

Altars:


Innate Abilities, Weirdness & Mutations

You cannot be hasted, slowed, berserked, paralysed or teleported.
You can dig through walls and to a lower floor.
Your four strong arms can wield two-handed weapons with a shield.
You have a pair of large antennae on your head. (SInv)


Message History

Found a staircase leading out of the dungeon.
Welcome back, Charmandara the Formicid Earth Elementalist.
You open the door.
There is an open door here.
You sense a monster nearby.
A bat comes into view.
A ball python comes into view.
Found a stone staircase leading down.
You can't see any susceptible monsters within range! (Use Z to cast anyway.) Unknown command.
Aim: a ball python (resting)
The blast of sand hits the ball python!
You kill the ball python!
b - 29 stones You now have 2/3 mp.
Unknown command.
You can't see any susceptible monsters within range! (Use Z to cast anyway.) Unknown command.
Unknown command.
Aim: a bat (resting)
The blast of sand hits the bat!
You kill the bat!
b - 28 stones You now have 1/3 mp.
Unknown command.
You see here a ball python corpse.
You butcher the ball python corpse.
a - 2 chunks of flesh {@w0} You see here a ball python skeleton.
You start resting.
MP restored: 3 A jackal comes into view.
A jackal is nearby!
You open the door.
There is an open door here.
A jackal comes into view.
The jackal barks!
You hear a bark!
A jackal comes into view.
You hear a bark!
A jackal comes into view.
The jackal moves out of view.
Aim: a jackal The blast of sand hits the jackal!
You kill the jackal!
b - 27 stones You now have 2/3 mp.
Unknown command.
Aim: a jackal You miscast Sandblast.
You are very lightly contaminated with residual magic.
You feel momentarily lethargic.
You now have 1/3 mp.
Aim: a jackal The blast of sand hits the jackal.
You kill the jackal!
b - 26 stones The jackal closely misses you.
You now have 0/3 mp.
Unknown command.
The jackal closely misses you.
The jackal bites you but does no damage.
There is an open door here.
A dart slug comes into view.
The jackal barely misses you. The jackal closely misses you.
A bat comes into view.
The dart slug launches a dart at you. The slug dart misses you.
The jackal barely misses you.
The dart slug bites you but does no damage.
The jackal bites you.
You take 1 damage, and have 12/13 hp.
Aim: a dart slug The blast of sand hits the dart slug.
b - 25 stones The jackal barely misses you.
The jackal bites you but does no damage.
The dart slug misses you.
You now have 0/3 mp.
You hit the dart slug but do no damage. The jackal bites you.
The jackal barely misses you. The jackal bites you.
The jackal barely misses you. The dart slug launches a dart at you.
The slug dart hits you.
You take 8 damage, and have 4/13 hp.
MASSIVE DAMAGE!!
Unknown command.
Are you sure you want to shaft yourself?
Unknown command.
Unknown command.
Unknown command.
Are you sure you want to shaft yourself?
You feel quite a bit more hungry.
The jackal bites you but does no damage.
The dart slug closely misses you. The jackal bites you.
* * * LOW HITPOINT WARNING * * *
The jackal bites you but does no damage.
You begin to dig a shaft.
You continue digging a shaft.
The jackal bites you.
You die...

#(...... #......
###...... #......#
#......#
.########......#
...............#
..............h@...#
..............hw...#
....b...........####
.....######.....#
........###.....#
......h.#.......+
........#.#.....#
......†.#'#.....#
#.#+##.h........#


You could see a dart slug and 2 jackals.

Vanquished Creatures
  A bat (D:1)
  2 jackals (D:1)
  A ball python (D:1)
4 creatures vanquished.

Vanquished Creatures (others)
  A frilled lizard (D:1)
1 creature vanquished.

Grand Total: 5 creatures vanquished

Notes
Turn   | Place    | Note
-------+----------+-------------------------------------------
     0 | D:1      | Charmandara the Formicid Earth Elementalist began the quest
                  | for the Orb.
     0 | D:1      | Reached XP level 1. HP: 13/13 MP: 3/3
    72 | D:1      | HP: 2/13 [jackal (2)]
    73 | D:1      | Slain by a jackal

Levels and vault maps discovered:
D:1:      nicolae_arrival_memento_mori, layout_basic, minmay_gold_behind_fungi,
          lemuel_flame_loot_1

Action                   || total
-------------------------++-------
Melee: Unarmed           ||     1
 Cast: Sandblast         ||     5
 Abil: Shaft Self        ||     1
Armor: Robe              ||     5
Dodge: Dodged            ||    11

Table legend:
 A = Non-vault XP
 B = Vault XP
 C = Vault XP percentage of total XP
 D = Non-vault monster count
 E = Vault monster count
 F = Vault count percentage of total count
                 A         B        C        D         E       F
            +---------+---------+-------+---------+---------+-------
      Total |       7 |       0 |   0.0 |       4 |       0 |   0.0
            +---------+---------+-------+---------+---------+-------
        D:1 |       7 |       0 |   0.0 |       4 |       0 |   0.0
            +---------+---------+-------+---------+---------+-------

Levels and vault maps discovered:
D:1:      nicolae_arrival_memento_mori, layout_basic, minmay_gold_behind_fungi,
          lemuel_flame_loot_1

Table legend:
 A = Turns spent in this place as a percentage of turns spent in the entire game.
 B = Non-inter-level travel turns spent in this place as a percentage of non-inter-level travel turns spent in the entire game.
 C = Inter-level travel turns spent in this place as a percentage of turns spent in this place.
 D = Turns resting spent in this place as a percentage of non-inter-level travel turns spent in this place.
 E = Turns spent auto-exploring this place as a percentage of non-inter-level travel turns spent in this place.
 F = Non-inter-level travel turns spent in this place divided by the number of levels of this place that you've seen.
                   A       B       C       D       E      F
               +-------+-------+-------+-------+-------+----------------------
         Total | 100.0 | 100.0 |   0.0 |  21.9 |  26.0 |  73.0
       Dungeon | 100.0 | 100.0 |   0.0 |  21.9 |  26.0 |  73.0
               +-------+-------+-------+-------+-------+----------------------

Table legend:
 A = Kills in this place as a percentage of kills in entire the game.
 B = Kills by you in this place as a percentage of kills by you in the entire game.
 C = Kills by friends in this place as a percentage of kills by friends in the entire game.
 D = Other kills in this place as a percentage of other kills in the entire game.
 E = Experience gained in this place as a percentage of experience gained in the entire game.
 F = Experience gained in this place divided by the number of levels of this place that you have seen.
                   A       B       C       D       E      F
               +-------+-------+-------+-------+-------+----------------------
         Total | 100.0 | 100.0 |   N/A |   N/A | 100.0 |   7.0
       Dungeon | 100.0 | 100.0 |   N/A |   N/A | 100.0 |   7.0
               +-------+-------+-------+-------+-------+----------------------
